 Dungeon Crawl Stone Soup version 0.31-a0-151-ge443d1f16c (webtiles) character file.

Game seed: 12853581370911600050

251 qw the Shooter (level 5, 0/46 HPs)
             Began as a Minotaur Hunter on June 8, 2023.
             Slain by an orc
             ... wielding a +0 dagger
              (1 damage)
             ... on level 4 of the Dungeon.
             The game lasted 00:01:11 (3123 turns).

qw the Shooter (Minotaur Hunter)                    Turns: 3123, Time: 00:01:12

Health: 0/46       AC:  5    Str: 16    XL:     5   Next: 88%
Magic:  4/4        EV: 11    Int:  6    God:
Gold:   66         SH:  0    Dex: 15    Spells: 4/4 levels left

rFire   . . .        Y - +1 shortbow
rCold   . . .        (shield currently unavailable)
rNeg    . . .        d - +0 ring mail
rPois   .            (helmet restricted)
rElec   .            (no cloak)
rCorr   .            (no gloves)
SInv    .            (no boots)
Will    .....        (no amulet)
Stlth   +            (no ring)
HPRegen 0.27/turn    (no ring)
MPRegen 0.09/turn

%: no passive effects
@: about to teleport
A: horns 2, retaliatory headbutt, sense surroundings 1
a: no special abilities


You were on level 4 of the Dungeon.
You visited 1 branch of the dungeon, and saw 4 of its levels.

You collected 157 gold pieces.
You spent 91 gold pieces at shops.


Innate Abilities, Weirdness & Mutations

You have a pair of horns on your head.
You reflexively headbutt those who attack you in melee.
You passively map a small area around you.


   Skills:
 - Level 4.1 Fighting
 + Level 7.1 Ranged Weapons
 - Level 1.0 Armour
 - Level 2.1 Dodging
 - Level 0.7 Stealth


You had 4 spell levels left.
You didn't know any spells.
Your spell library was empty.

Inventory:

Hand Weapons
 Y - a +1 shortbow (weapon)
Armour
 d - a +0 ring mail (worn)
Scrolls
 j - a scroll of identify
 k - 2 scrolls of teleportation
Potions
 b - a potion of degeneration {unknown}
 c - a potion of mutation
 e - a potion of resistance {unknown}
 f - a potion of lignification {unknown}
 g - a potion of experience {unknown}
 h - 3 potions of might
 i - a potion of invisibility {unknown}

Dungeon Overview and Level Annotations

Branches:
Dungeon (4/15)
 Temple: D:4-7

Altars:
Gozag

Shops:
D:4 =*


Message History

You shoot an arrow. The arrow hits the orc priest!
You kill the orc priest!
The orc hits you but does no damage. The black bear bites you.
The black bear claws you. The black bear closely misses you.
The endoplasm hits you but does no damage.
Your Ranged Weapons skill increases to level 7!
You shoot an arrow.
The arrow closely misses the black bear.
The orc hits you but does no damage.
The black bear bites you but does no damage.
The black bear claws you but does no damage.
The black bear claws you. The endoplasm barely misses you.
The hobgoblin hits you with a +0 club.
You shoot an arrow. The arrow hits the black bear.
The black bear is severely wounded.
The orc closely misses you.
The black bear goes berserk!
The endoplasm freezes you.
You are frozen.
The hobgoblin hits you with a +0 club.
You shoot an arrow. The arrow hits the black bear.
The black bear is almost dead.
The black bear completely misses you. The black bear claws you. x2
The orc barely misses you.
The endoplasm hits you but does no damage.
A hobgoblin comes into view. It is wielding a +0 club.
The hobgoblin barely misses you.
The black bear bites you but does no damage.
The black bear closely misses you. The black bear claws you.
3122 ||| READING 3 scrolls of teleportation.
As you read the scroll of teleportation, it crumbles to dust.
You feel strangely unstable. The black bear closely misses you.
The black bear claws you. The black bear closely misses you.
The orc barely misses you. The endoplasm freezes you.
You are frozen.
The hobgoblin closely misses you. You furiously retaliate!
You headbutt the hobgoblin.
You kill the hobgoblin!
You shoot an arrow. The arrow hits the black bear!
You kill the black bear!
The orc hits you with a +0 dagger.
You die...

~ ~ ~ ~ ~ ~ * ######
################
#...[#,......#......... , ,
#....#,......'.........
#....#########......... *
......#.....))...##### ~
......').)..)...)#
......#........o@######## ,
#....#########.J)%....... *
#....# ,,,, +........... #....# ,
#........g..
##''#########################
~.....~~~~~~~~~~~~~~~~~~~~~~#####
.....~~~~~~~~~~~~~~~~~~~~~~~~~~~~
).....~~~~~~~~~~~~~~~~~~~~~~~~~~~
~)...~~~~~~.....~.~~~~~.~~.~.~.~.


You could see an orc, an endoplasm and a hobgoblin.

Vanquished Creatures
  A black bear (D:4)
  An orc priest (D:4)
  An iguana (D:4)
  An orc wizard (D:4)
  3 gnolls (D:4)
  4 adders
  A shadow imp (D:4)
  A worm (D:2)
  3 dart slugs
  An orc (D:3)
  3 ball pythons (D:1)
  3 endoplasms
  21 goblins
  13 hobgoblins
  11 jackals
  10 kobolds
  2 quokkas
  2 bats
  2 rats
84 creatures vanquished.

Notes
Turn   | Place    | Note
-------+----------+-------------------------------------------
     0 | D:1      | qw the Minotaur Hunter began the quest for the Orb.
     0 | D:1      | Reached XP level 1. HP: 18/18 MP: 0/0
     0 | D:1      | 0 ||| qw: Version: 0.2-a-120-gdf1a93b
     0 | D:1      | 0 ||| qw: Game counter: 3095
     0 | D:1      | 0 ||| qw: Always use a shield: true
     0 | D:1      | 0 ||| qw: God list: Okawaru
     0 | D:1      | 0 ||| qw: Allow faded altars: false
     0 | D:1      | 0 ||| qw: Do Orc after D:15 true
     0 | D:1      | 0 ||| qw: Do second Lair branch before Depths: true
     0 | D:1      | 0 ||| qw: Lair rune preference: random
     0 | D:1      | 0 ||| qw: Plans: Normal
     0 | D:1      | 0 ||| PLANNING D:1-11
    82 | D:1      | HP: 3/18 [jackal (2)]
    84 | D:1      | Reached XP level 2. HP: 3/25 MP: 1/1
   222 | D:1      | Reached skill level 5 in Ranged Weapons
   437 | D:1      | Reached skill level 3 in Fighting
   909 | D:1      | Reached XP level 3. HP: 31/31 MP: 2/2
   952 | D:1      | 952 ||| UPGRADING to +0 ring mail.
   962 | D:1      | 962 ||| DROPPING +0 leather armour.
   963 | D:1      | 963 ||| READING scroll labelled ITITIOLADIDA.
   964 | D:1      | 964 ||| DROPPING scroll of butterflies.
   990 | D:2      | Found a faded altar of an unknown god.
  1010 | D:2      | Reached skill level 1 in Armour
  1750 | D:2      | 1750 ||| READING 2 scrolls labelled ICUIXA FIONARE.
  1751 | D:2      | 1751 ||| READING scroll labelled SUNISOOLIP.
  1755 | D:2      | 1755 ||| READING scroll labelled PICHEP ECEMI.
  1756 | D:2      | 1756 ||| READING scroll labelled FAFIGU YNKALEOGA.
  1757 | D:2      | 1757 ||| DROPPING scroll of noise.
  2018 | D:3      | Reached XP level 4. HP: 38/38 MP: 3/3
  2025 | D:3      | Found an opulent altar of Gozag.
  2330 | D:3      | Reached skill level 6 in Ranged Weapons
  2581 | D:4      | Found Xoed's General Store.
  2588 | D:4      | 2588 ||| BUYING scroll of identify (26 gold).
  2588 | D:4      | Bought a scroll of identify for 26 gold pieces
  2588 | D:4      | 2588 ||| BUYING scroll of identify (26 gold).
  2588 | D:4      | Bought a scroll of identify for 26 gold pieces
  2588 | D:4      | 2588 ||| BUYING scroll of teleportation (39 gold).
  2588 | D:4      | Bought a scroll of teleportation for 39 gold pieces
  2625 | D:4      | Reached XP level 5. HP: 46/46 MP: 4/4
  2720 | D:4      | Found Wicitwuemi's Jewellery Shop.
  2728 | D:4      | 2728 ||| SHOPLISTING +5 ring of evasion (396 gold, have
                  | 66).
  2728 | D:4      | 2728 ||| SHOPLISTING amulet "Tilaqer" {Acrobat Fragile
                  | rPois rF+} (468 gold, have 66).
  2728 | D:4      | 2728 ||| SHOPLISTING amulet of faith (440 gold, have 66).
  2728 | D:4      | 2728 ||| SHOPLISTING ring of poison resistance (220 gold,
                  | have 66).
  2728 | D:4      | 2728 ||| SHOPLISTING ring of positive energy (220 gold,
                  | have 66).
  2728 | D:4      | 2728 ||| SHOPLISTING ring of protection from fire (275
                  | gold, have 66).
  2728 | D:4      | 2728 ||| SHOPLISTING ring of see invisible (165 gold, have
                  | 66).
  2754 | D:4      | 2754 ||| FLEEEEING.
  2755 | D:4      | 2755 ||| FLEEEEING.
  2756 | D:4      | 2756 ||| FLEEEEING.
  2757 | D:4      | 2757 ||| FLEEEEING.
  2758 | D:4      | 2758 ||| FLEEEEING.
  2764 | D:4      | 2764 ||| FLEEEEING.
  2947 | D:4      | 2947 ||| FLEEEEING.
  2948 | D:4      | 2948 ||| FLEEEEING.
  2956 | D:4      | 2956 ||| FLEEEEING.
  2957 | D:4      | 2957 ||| FLEEEEING.
  2958 | D:4      | 2958 ||| FLEEEEING.
  2959 | D:4      | 2959 ||| FLEEEEING.
  2960 | D:4      | 2960 ||| FLEEEEING.
  2961 | D:4      | 2961 ||| FLEEEEING.
  2962 | D:4      | 2962 ||| FLEEEEING.
  2974 | D:4      | 2974 ||| FLEEEEING.
  2980 | D:4      | 2980 ||| FLEEEEING.
  2981 | D:4      | 2981 ||| FLEEEEING.
  2982 | D:4      | 2982 ||| FLEEEEING.
  2983 | D:4      | 2983 ||| FLEEEEING.
  2984 | D:4      | 2984 ||| FLEEEEING.
  2985 | D:4      | 2985 ||| FLEEEEING.
  2986 | D:4      | 2986 ||| FLEEEEING.
  2987 | D:4      | 2987 ||| STAIRDANCE
  3022 | D:3      | 3022 ||| DRINKING 2 fuming cyan potions.
  3022 | D:3      | Gained mutation: You passively map a small area around you.
                  | [potion of mutation]
  3023 | D:3      | 3023 ||| DRINKING 4 glowing silvery potions.
  3024 | D:3      | 3024 ||| READING 2 scrolls of identify.
  3024 | D:3      | 3024 ||| IDENTIFYING viscous red potion
  3108 | D:4      | Noticed a black bear
  3109 | D:4      | 3109 ||| FLEEEEING.
  3114 | D:4      | 3114 ||| DRINKING potion of curing.
  3114 | D:4      | 3114 ||| (to cure confusion)
  3119 | D:4      | Reached skill level 7 in Ranged Weapons
  3121 | D:4      | HP: 9/46 [black bear (3)]
  3122 | D:4      | 3122 ||| READING 3 scrolls of teleportation.
  3122 | D:4      | HP: 4/46 [black bear (5)]
  3122 | D:4      | HP: 1/46 [frozen (3)]
  3123 | D:4      | Killed a black bear
  3123 | D:4      | Slain by an orc

Levels and vault maps discovered:
D:1:      dpeg_arrival_three_same_balls, layout_basic
D:2:      layout_basic, hellmonk_ecumenical_altar_dog_temple
D:3:      layout_basic, mainiacjoe_overflow_brackets, st_stairs_7
D:4:      minmay_goblin_kobold_castle, layout_rooms, serial_corexii_hall,
          corexii_hall_statues_i, corexii_hall_statues_s,
          chequers_hall_statues_wall_a, corexii_hall_statues_x, serial_shops,
          nicolae_square_shop, nicolae_shop_stone, nicolae_diamond_shop

Skill      XL: |  1  2  3  4  5 |
---------------+----------------+-----
Ranged Weapons | 5 6 7 |  7.1
Fighting       | 3 4 |  4.1
Armour         | 1 |  1.0
Dodging        | |  2.1
Stealth        | |  0.7

Action                     |  1- 3 |  4- 6 || total
---------------------------+-------+-------++-------
   Fire: Shortbow          |   117 |   105 ||   222
    Use: Scroll            |     5 |     2 ||     7
         Potion            |       |     3 ||     3
 Armour: Leather armour    |     4 |       ||     4
         Ring mail         |     5 |    20 ||    25
  Dodge: Dodged            |    28 |    47 ||    75

Table legend:
 A = Non-vault XP
 B = Vault XP
 C = Vault XP percentage of total XP
 D = Non-vault monster count
 E = Vault monster count
 F = Vault count percentage of total count
                 A         B        C        D         E       F
            +---------+---------+-------+---------+---------+-------
      Total |     398 |      82 |  17.1 |      60 |      24 |  28.6
            +---------+---------+-------+---------+---------+-------
        D:1 |      46 |       0 |   0.0 |      24 |       0 |   0.0
        D:2 |      21 |       8 |  27.6 |       9 |       4 |  30.8
        D:3 |      50 |       4 |   7.4 |       9 |       2 |  18.2
        D:4 |     281 |      70 |  19.9 |      18 |      18 |  50.0
            +---------+---------+-------+---------+---------+-------
